 Dungeon Crawl Stone Soup version 0.31-a0-164-g2312942fda (webtiles) character file.

Game seed: 14667814237178527491

56 Serulin the Sneak (level 3, -3/24 HPs)
             Began as a Gargoyle Delver on June 13, 2023.
             Slain by a phantom (6 damage)
             ... on level 4 of the Dungeon.
             The game lasted 00:01:24 (217 turns).

Serulin the Sneak (Gargoyle Delver)                  Turns: 217, Time: 00:01:24

Health: -3/24      AC:  6    Str: 17    XL:     3   Next: 97%
Magic:  3/3        EV: 11    Int: 10    God:
Gold:   13         SH:  0    Dex: 11    Spells: 2/2 levels left

rFire   . . .        a - +0 mace
rCold   . . .        (no shield)
rNeg    + . .        b - +0 leather armour
rPois   ∞            (no helmet)
rElec   +            (no cloak)
rCorr   .            (no gloves)
SInv    .            (no boots)
Will    .....        (no amulet)
Stlth   +++          (no ring)
HPRegen 0.24/turn    (no ring)
MPRegen 0.08/turn

%: no passive effects
@: hasted, very quick
A: sickness immunity, AC +3, negative energy resistance 1, electricity
resistance, torment resistance 1, petrification resistance
a: no special abilities


You were on level 4 of the Dungeon.
You visited 2 branches of the dungeon, and saw 3 of its levels.

You collected 13 gold pieces.

Inventory:

Hand Weapons
 a - a +0 mace (weapon)
Armour
 b - a +0 leather armour (worn)
Wands
 g - a wand of digging (3)
 i - a wand of flame (15)
Scrolls
 c - a scroll of fog
 d - a scroll of revelation
 e - a scroll of fear
 h - a scroll of enchant weapon {unknown}
 j - a scroll of vulnerability {unknown}


   Skills:
 + Level 3.8 Fighting
 + Level 2.6 Maces & Flails
 + Level 0.0 Armour
 + Level 2.1 Dodging
 - Level 5.9 Stealth


You had 2 spell levels left.
You didn't know any spells.
Your spell library was empty.

Dungeon Overview and Level Annotations

Branches:
Dungeon (5/15)             Temple (1/1) D:4

Altars:
Ashenzari
Dithmenos
Elyvilon
Fedhas
Gozag
Kikubaaqudgha
Okawaru
Ru
Trog
Vehumet
Yredelemnul
Zin


Innate Abilities, Weirdness & Mutations

You are immune to sickness and miasma.
Your stone body is resilient. (AC +3)
You are immune to poison.
You resist negative energy. (rN+)
You are resistant to electric shocks. (rElec)
You are resistant to unholy torment.
You are immune to petrification.


Message History

The phantom hits you.
The phantom blinks!
You blink.
You hit the phantom but do no damage.
The phantom is severely damaged.
The phantom closely misses you.
You closely miss the phantom.
The phantom is severely damaged.
The phantom hits you but does no damage.
You barely miss the phantom.
The phantom is severely damaged.
The phantom closely misses you.
You closely miss the phantom.
The phantom is severely damaged.
You hit the phantom but do no damage. Your punch misses the phantom.
The phantom is severely damaged.
The phantom hits you.
* * * LOW HITPOINT WARNING * * *
The phantom blinks!
You blink.
You hit the phantom.
The phantom is severely damaged.
The phantom closely misses you.
You hit the phantom but do no damage.
The phantom is severely damaged.
The phantom hits you but does no damage.
You miss the phantom.
The phantom is severely damaged.
The phantom hits you.
* * * LOW HITPOINT WARNING * * *
The phantom blinks!
You blink.
You hit the phantom but do no damage.
The phantom is severely damaged.
The phantom hits you but does no damage.
You barely miss the phantom.
The phantom is severely damaged.
The phantom hits you.
* * * LOW HITPOINT WARNING * * *
The phantom blinks!
You blink.
You hit the phantom but do no damage.
The phantom is severely damaged.
The phantom hits you.
You die...

######## #.@W...#
#......# #......#
#......# #......#
#......# #.§....#
#..§...############
#..................


You could see a phantom.

Vanquished Creatures
  A hound (D:5)
  An iguana (D:5)
  An orc (D:5)
3 creatures vanquished.

Notes
Turn   | Place    | Note
-------+----------+-------------------------------------------
     0 | D:5      | Serulin the Gargoyle Delver began the quest for the Orb.
     0 | D:5      | Reached XP level 1. HP: 14/14 MP: 1/1
     4 | D:5      | Found a white marble altar of Elyvilon.
    78 | D:5      | Noticed a hound
    78 | D:5      | Noticed an iguana
    83 | D:5      | Killed an iguana
    84 | D:5      | Reached XP level 2. HP: 20/20 MP: 2/2
    84 | D:5      | Reached XP level 3. HP: 24/24 MP: 3/3
   118 | D:5      | Noticed a phantom
   132 | D:4      | Found a staircase to the Ecumenical Temple.
   142 | Temple   | Entered the Ecumenical Temple
   179 | D:4      | Noticed a phantom
   217 | D:4      | Slain by a phantom

Illustrated notes

Levels and vault maps discovered:
D:4:      layout_basic, minmay_temple_entry_statues_pillars, serial_shops,
          nicolae_shop_competitors_out_of_business, kennysheep_path_1,
          chequers_serial_rivers_room_b, minmay_tree_intersection,
          kennysheep_decorative_pillar, chequers_serial_rivers_small_b,
          minmay_misc_feat_iff, uniq_robin, uniq_grinder
D:5:      layout_basic, mainiacjoe_overflow_surrounded_room, serial_shops,
          nicolae_shop_just_a_little_nook, ebering_ghost_sewer_d,
          uniq_blork_the_orc
Temple:   cyrus_circular_temple

Skill      XL: |  1 |
---------------+----+-----
Dodging        | 2 |  2.1
Fighting       | |  3.8
Maces & Flails | |  2.6
Stealth        | |  5.9

Action                     || total
---------------------------++-------
  Melee: Mace              ||    46
    Use: Potion            ||     1
 Armour: Leather armour    ||    12
  Dodge: Dodged            ||    22

Table legend: (Time is in decaauts)
 A = Elapsed time spent in this place.
 B = Non-inter-level travel time spent in this place.
 C = Inter-level travel time spent in this place.
 D = Time resting spent in this place.
 E = Time spent auto-exploring this place.
 F = Levels seen in this place.
 G = Mean time per level.
                   A        B        C        D        E       F      G
               +--------+--------+--------+--------+--------+-----+--------+
         Total |    217 |    217 |      0 |      0 |      0 |   3 |   72.3 |
       Dungeon |    199 |    199 |      0 |      0 |      0 |   2 |   99.5 |
        Temple |     17 |     17 |      0 |      0 |      0 |   1 |   17.0 |
               +--------+--------+--------+--------+--------+-----+--------+

Top non-repeatable levels by time:
     D:5: 132 daAuts
     D:4: 66 daAuts
  Temple: 17 daAuts
